 Dungeon Crawl Stone Soup version 0.16.0-17-g811c1d7 (webtiles) character file.

79 Patate the Skirmisher (level 4, 0/30 HPs)
             Began as a Gargoyle Fighter on Mar 20, 2015.
             Slain by Crazy Yiuf
             ... wielding a +4 quarterstaff of chaos
              (5 damage)
             ... on level 2 of the Dungeon.
             The game lasted 00:07:27 (1360 turns).

Patate the Skirmisher (Gargoyle Fighter)            Turns: 1360, Time: 00:07:27

Health: 0/30       AC: 10    Str: 25    XL:     4   Next: 38%
Magic:  3/4        EV:  7    Int:  9    God:
Gold:   133        SH:  9    Dex:  9    Spells: 0 memorised, 3 levels left

rFire  + . .     SeeInvis .     a - +0 flail
rCold  x . .     Clarity  .     b - +0 scale mail
rNeg   + . .     SustAb   .     c - +0 shield
rPois  ∞         Gourm    .     (no helmet)
rElec  +         Spirit   .     (no cloak)
rCorr  .         Warding  .     (no gloves)
rMut   .         Stasis   .     (no boots)
MR     .....                    (no amulet)
Stlth  ..........               (no ring)
                                m - ring of fire

@: mighty, very slightly contaminated, hasted, very quick, not resistant to
hostile enchantments, extremely unstealthy
A: negative energy resistance 1, electricity resistance, unbreathing,
petrification resistance, rot immunity, AC +3
a: no special abilities


You were on level 2 of the Dungeon.
You were hungry.

You visited 1 branch of the dungeon, and saw 2 of its levels.

You collected 133 gold pieces.

Inventory:

Hand weapons
 a - a +0 flail (weapon)
Armour
 b - a +0 scale mail (worn)
 c - a +0 shield (worn)
Jewellery
 m - a ring of fire (left hand)
Scrolls
 f - a scroll of magic mapping {unknown}
 h - a scroll of teleportation {unknown}
 j - a scroll of remove curse {unknown}
 k - 2 scrolls of enchant armour {unknown}
Potions
 l - a potion of agility
Comestibles
 d - 2 bread rations
 g - a meat ration
 i - a royal jelly


   Skills:
 * Level 4.6 Fighting
 + Level 2.6 Maces & Flails
 + Level 3.7 Armour
 + Level 0.7 Dodging
 - Level 3.2 Shields


You had 3 spell levels left.
You didn't know any spells.

Dungeon Overview and Level Annotations

Branches:
Dungeon (2/15)

Altars:
Fedhas

Annotations:
D:2 Crazy Yiuf


Innate Abilities, Weirdness & Mutations

You are resistant to torment.
You are immune to poison.
Your stone body is very resilient (AC +3).
You resist negative energy.
You are resistant to electric shocks.
You can survive without breathing.
You are immune to petrification.
You are immune to rotting.


Message History

You barely miss Crazy Yiuf.
Crazy Yiuf hits you with a quarterstaff of chaos.
You feel your power leaking away.
You hit Crazy Yiuf.
Crazy Yiuf is moderately wounded.
Crazy Yiuf hits you with a quarterstaff of chaos.
You feel yourself speed up.
You are very lightly contaminated with residual magic.
You closely miss Crazy Yiuf.
Crazy Yiuf is moderately wounded.
Crazy Yiuf hits you with a quarterstaff of chaos!
* * * LOW HITPOINT WARNING * * *
You are too injured to fight recklessly!
You are too injured to fight recklessly!
Drink which item? (? for menu, Esc to quit)
You feel very mighty all of a sudden.
Crazy Yiuf hits you with a quarterstaff of chaos.
* * * LOW HITPOINT WARNING * * *
Space bends around you.
You die...

..........<.....#
#.#.....#
.###.###..##.####
##.#.##.#
.##...##.###.#
##.###.#
....#.....#### ###
#.# ..#...##### #.#
.....## ♣♣♣♣♣####.##
..#### ####
♣♣♣.♣....#...### ###
#...#♣..♣............
#..g@.♣♣♣♣........###
#)..#♣♣ ♣♣......)...
#### ♣♣##...#.##
###.#.# ### #.#.#
#.## ##### ### #.#.##
.#.## #.#.# #.#
#....# ###.# #.#.##
#.# #....# .#.##
####....###.#
###....#


You could see Crazy Yiuf.

Vanquished Creatures
  3 adders (D:2)
  A worm (D:2)
  A giant gecko (D:1)
  An ooze (D:2)
  A goblin (D:2)
  7 hobgoblins
  A quokka (D:2)
  5 bats
  2 giant cockroaches (D:1)
  2 giant newts
  3 jackals (D:1)
  8 kobolds
  10 rats
45 creatures vanquished.

Notes
Turn   | Place    | Note
--------------------------------------------------------------
     0 | D:1      | Patate, the Gargoyle Fighter, began the quest for the Orb.
     0 | D:1      | Reached XP level 1. HP: 14/14 MP: 1/1
   191 | D:1      | Reached XP level 2. HP: 13/20 MP: 2/2
   625 | D:1      | Reached skill level 4 in Fighting
   659 | D:1      | Reached XP level 3. HP: 20/24 MP: 3/3
  1134 | D:2      | Found a blossoming altar of Fedhas.
  1286 | D:2      | Reached XP level 4. HP: 30/30 MP: 4/4
  1354 | D:2      | Noticed Crazy Yiuf
  1360 | D:2      | Slain by Crazy Yiuf

Action                   |  1- 3 |  4- 6 || total
-------------------------+-------+-------++-------
Melee: Flail             |    98 |     9 ||   107
  Use: Potion            |     5 |     1 ||     6
  Eat: Chunk             |     1 |       ||     1
